[Event "French-ch Youth U12 2022"]
[Site "Agen"]
[Date "2022.04.20"]
[Round "5.3"]
[White "Boulos, Paul"]
[Black "Plaidit, Hugo"]
[Result "1/2-1/2"]
[ECO "B13"]
[WhiteElo "1691"]
[BlackElo "1701"]
[Annotator "NA RC COMBH"]
[PlyCount "59"]
[EventDate "2022.04.17"]
[EventType "swiss"]
[EventCountry "FRA"]
[SourceTitle "playchess.com"]
[Source "ChessBase"]
[SourceQuality "1"]
[TimeControl "5400+30"]

1. e4 c6 2. d4 d5 3. exd5 cxd5 4. Bd3 Nc6 5. c3 g6 6. Bf4 Bf5 7. Bxf5 gxf5 8. Nd2 e6 9. Ngf3 Bd6 10. Bxd6 Qxd6 11. Qe2 Nge7 12. h3 Ng6 13. g3 Rc8 14. Nb3 h5 15. h4 f4 16. Rg1 Nce7 17. O-O-O Nf5 18. Ng5 fxg3 19. fxg3 Nxg3 20. Qh2 Ne4 21. Qxd6 Nxd6 22. Nxe6 fxe6 23. Rxg6 Kf7 24. Rg2 Rhg8 25. Rf2+ Ke7 26. Rdf1 Rcf8 27. Nc5 Rxf2 28. Rxf2 b6 29. Nd3 Ne4 30. Rf4 1/2-1/2

[Event "French-ch Youth U12 2022"]
[Site "Agen"]
[Date "2022.04.20"]
[Round "5.4"]
[White "Laignel, Quentin"]
[Black "Rodriguez, Augustin"]
[Result "1-0"]
[ECO "A46"]
[WhiteElo "1600"]
[BlackElo "1662"]
[Annotator "NA RC COMBH"]
[PlyCount "153"]
[EventDate "2022.04.17"]
[EventType "swiss"]
[EventCountry "FRA"]
[SourceTitle "playchess.com"]
[Source "ChessBase"]
[SourceQuality "1"]
[TimeControl "5400+30"]

1. d4 Nf6 2. Nf3 e6 3. Bf4 d5 4. e3 c5 5. c3 Nc6 6. Nbd2 Nh5 7. Bg5 f6 8. Bh4 g6 9. Be2 Ng7 10. Nb3 cxd4 11. exd4 Be7 12. Bg3 Bd7 13. O-O Nh5 14. Re1 Nxg3 15. hxg3 O-O 16. Bf1 Qe8 17. Nc1 Qf7 18. Nd3 Rfe8 19. Qb3 b6 20. Rad1 Rad8 21. a3 Na5 22. Qa2 Bf8 23. Nb4 Ba4 24. Rd2 Bb3 25. Qb1 Nc4 26. Rde2 Nd6 27. Nd3 Re7 28. g4 Rde8 29. g5 fxg5 30. Nxg5 Qf6 31. Nf3 Nf7 32. Nde5 Bg7 33. Nxf7 Qxf7 34. Ne5 Bxe5 35. Rxe5 Rf8 36. f3 Ba4 37. Qc1 Bd7 38. Qe3 Rfe8 39. f4 Qf6 40. g3 Kg7 41. Bg2 Bc6 42. Bh3 Bd7 43. b3 b5 44. Bf1 Bc6 45. c4 bxc4 46. bxc4 dxc4 47. Bxc4 Kf7 48. Rf1 Kg7 49. Re1 Kf7 50. Re2 Bb7 51. Qf2 h5 52. f5 Kg7 53. Bxe6 gxf5 54. Rxf5 Qg6 55. Ree5 Rxe6 56. Rg5 Rxe5 57. Rxg6+ Kxg6 58. dxe5 Rxe5 59. Qxa7 Bd5 60. Qd4 Rf5 61. a4 Bc6 62. Qd6+ Rf6 63. Qd3+ Kg5 64. Qc4 Bf3 65. a5 Kh6 66. a6 Kg7 67. a7 Rf8 68. Kh2 Ba8 69. Qc5 Re8 70. Qg5+ Kf8 71. Qxh5 Rd8 72. Qh6+ Kf7 73. Qf4+ Kg6 74. g4 Re8 75. g5 Rh8+ 76. Kg3 Rg8 77. Qf6+ 1-0

[Event "French-ch Youth U12 2022"]
[Site "Agen"]
[Date "2022.04.20"]
[Round "5.5"]
[White "Mence, Eline"]
[Black "Castagnerol, Cerise"]
[Result "1/2-1/2"]
[ECO "D00"]
[WhiteElo "1499"]
[BlackElo "1312"]
[Annotator "NA RC COMBH"]
[PlyCount "92"]
[EventDate "2022.04.17"]
[EventType "swiss"]
[EventCountry "FRA"]
[SourceTitle "playchess.com"]
[Source "ChessBase"]
[SourceQuality "1"]
[TimeControl "5400+30"]

1. d4 d5 2. Bf4 Nf6 3. e3 Bg4 4. Nf3 e6 5. Nbd2 Bd6 6. Bxd6 cxd6 7. c4 dxc4 8. Bxc4 d5 9. Bb5+ Nbd7 10. Qa4 O-O 11. O-O a6 12. Bxd7 Qxd7 13. Qxd7 Nxd7 14. Ne5 Nxe5 15. dxe5 Rac8 16. Rac1 Be2 17. Rfe1 Bd3 18. Nf3 Bb5 19. Nd4 Bc6 20. Rc5 Bd7 21. Rec1 Rxc5 22. Rxc5 Rc8 23. Rxc8+ Bxc8 24. Kf1 Kf8 25. Ke2 Ke7 26. Kd3 Kd7 27. a4 Kc7 28. b4 Bd7 29. a5 f6 30. f4 Kd8 31. e4 dxe4+ 32. Kxe4 Bc6+ 33. Nxc6+ bxc6 34. Kd4 Kd7 35. Kc5 Kc7 36. h4 fxe5 37. fxe5 g6 38. g3 h5 39. Kd4 Kd7 40. Ke4 Ke7 41. Kf4 Kf7 42. g4 hxg4 43. Kxg4 Kf8 44. Kf4 Kf7 45. Kf3 Kf8 46. Kg4 Kg8 1/2-1/2

[Event "French-ch Youth U12 2022"]
[Site "Agen"]
[Date "2022.04.20"]
[Round "5.6"]
[White "Maret, Anna"]
[Black "Alfano, Emilie"]
[Result "0-1"]
[ECO "A06"]
[WhiteElo "1328"]
[BlackElo "1635"]
[Annotator "NA RC COMBH"]
[PlyCount "111"]
[EventDate "2022.04.17"]
[EventType "swiss"]
[EventCountry "FRA"]
[SourceTitle "playchess.com"]
[Source "ChessBase"]
[SourceQuality "1"]
[TimeControl "5400+30"]

1. Nf3 d5 2. g3 Nf6 3. Bg2 e6 4. O-O Be7 5. d3 O-O 6. Nbd2 b6 7. e4 dxe4 8. dxe4 Bb7 9. e5 Nd5 10. h4 h6 11. Re1 Na6 12. Nf1 Ndb4 13. Bd2 Nc6 14. N1h2 Bc5 15. Qc1 f6 16. Ng4 h5 17. exf6 hxg4 18. fxg7 Rf7 19. Bc3 e5 20. Nxe5 Bxf2+ 21. Kh1 Nxe5 22. Rxe5 Bxg2+ 23. Kxg2 Qd6 24. Qg5 Bd4 25. Rd5 Rf2+ 26. Kh1 Qf6 27. Qxf6 Bxf6 28. Bxf6 Rxf6 29. Rg5 Rf7 30. Rxg4 Rxg7 31. Rxg7+ Kxg7 32. Kg2 Rd8 33. Kh3 Rd2 34. Rc1 Nb4 35. a3 Nxc2 36. h5 c5 37. Kh4 Nd4 38. b4 Rc2 39. Rxc2 Nxc2 40. bxc5 bxc5 41. Kg4 Nxa3 42. Kf3 a5 43. Ke3 Nb5 44. Kd3 Nd6 45. g4 a4 46. Kc3 a3 47. Kb3 Nb5 48. g5 c4+ 49. Kc2 Nd6 50. g6 Ne4 51. Kc1 c3 52. Kb1 Ng3 53. Ka2 c2 54. h6+ Kxh6 55. g7 c1=Q 56. g8=N+ 0-1

[Event "French-ch Youth U12 2022"]
[Site "Agen"]
[Date "2022.04.20"]
[Round "5.7"]
[White "Nogues, Norah"]
[Black "Thill-Solente, Penelope"]
[Result "1-0"]
[ECO "D02"]
[WhiteElo "1096"]
[BlackElo "1107"]
[Annotator "NA RC COMBH"]
[PlyCount "77"]
[EventDate "2022.04.17"]
[EventType "swiss"]
[EventCountry "FRA"]
[SourceTitle "playchess.com"]
[Source "ChessBase"]
[SourceQuality "1"]
[TimeControl "5400+30"]

1. d4 d5 2. Nf3 e6 3. c3 Nf6 4. Bg5 Be7 5. e3 h6 6. Bh4 O-O 7. Bd3 b6 8. Nbd2 Bb7 9. O-O Nbd7 10. Re1 c5 11. Rc1 Rc8 12. Bb1 Re8 13. Qc2 Ba6 14. Ne5 Ne4 15. Bxe7 Qxe7 16. Nxe4 dxe4 17. Qxe4 Nf6 18. Qf3 Bb7 19. Qe2 Be4 20. Bxe4 Nxe4 21. Qd3 Nf6 22. e4 Red8 23. Qe3 cxd4 24. cxd4 Rxc1 25. Rxc1 Qd6 26. Nc6 Rd7 27. e5 Ng4 28. exd6 Nxe3 29. fxe3 a5 30. Ne7+ Kh7 31. Nc8 Rd8 32. e4 b5 33. e5 a4 34. Rc7 Kg6 35. Ne7+ Kh7 36. Nc6 Rf8 37. d7 Kg6 38. d8=Q Rxd8 39. Nxd8 1-0

[Event "French-ch Youth U12 2022"]
[Site "Agen"]
[Date "2022.04.21"]
[Round "6.1"]
[White "Contie, Lilio"]
[Black "Motoyama, Wesley Winsen"]
[Result "1-0"]
[ECO "B22"]
[WhiteElo "1606"]
[BlackElo "1590"]
[Annotator "NA RC COMBH"]
[PlyCount "91"]
[EventDate "2022.04.17"]
[EventType "swiss"]
[EventCountry "FRA"]
[SourceTitle "playchess.com"]
[Source "ChessBase"]
[SourceQuality "1"]
[TimeControl "5400+30"]

1. e4 c5 2. c3 d5 3. exd5 Qxd5 4. Nf3 Nf6 5. d4 Bg4 6. dxc5 Qxc5 7. h3 Bxf3 8. Qxf3 Qc6 9. Qxc6+ Nxc6 10. Bc4 e6 11. O-O Be7 12. Nd2 O-O 13. Nf3 Rfd8 14. Bf4 Nd5 15. Bg3 Nb6 16. Bb3 Rac8 17. Rac1 Bf6 18. Rfd1 Rxd1+ 19. Bxd1 Na5 20. Kf1 Nac4 21. b3 Nb2 22. c4 Nd3 23. Rb1 Kf8 24. Be2 Nb4 25. a4 Ke8 26. Nd2 Rd8 27. Ne4 Be7 28. a5 Nc8 29. Be5 f6 30. Bc3 Na2 31. Ra1 Nxc3 32. Nxc3 Nd6 33. Bf3 Rb8 34. Ke2 Kd7 35. Rd1 Kc7 36. c5 Nf7 37. Nb5+ Kc8 38. Nxa7+ Kc7 39. Nb5+ Kc8 40. b4 Nd8 41. Na7+ Kc7 42. b5 Bxc5 43. b6+ Bxb6 44. Nb5+ Kc8 45. axb6 Ra8 46. Na7+ 1-0

[Event "French-ch Youth U12 2022"]
[Site "Agen"]
[Date "2022.04.21"]
[Round "6.2"]
[White "Laignel, Quentin"]
[Black "Bonelli Maestracci, Pierre Joseph"]
[Result "0-1"]
[ECO "A40"]
[WhiteElo "1600"]
[BlackElo "1629"]
[Annotator "NA RC COMBH"]
[PlyCount "60"]
[EventDate "2022.04.17"]
[EventType "swiss"]
[EventCountry "FRA"]
[SourceTitle "playchess.com"]
[Source "ChessBase"]
[SourceQuality "1"]
[TimeControl "5400+30"]

1. d4 g6 2. Nf3 Bg7 3. Bf4 c5 4. c3 Nf6 5. e3 O-O 6. h3 d6 7. Nbd2 cxd4 8. exd4 Nc6 9. Bc4 Re8 10. O-O e5 11. Be3 e4 12. Ne1 d5 13. Bb3 Na5 14. Ba4 Bd7 15. Bxd7 Qxd7 16. Qe2 Rac8 17. f3 Nh5 18. Qf2 f5 19. fxe4 fxe4 20. Nc2 Rf8 21. Qh4 Qd6 22. Rxf8+ Rxf8 23. Rf1 Rxf1+ 24. Nxf1 Nc4 25. b3 Nxe3 26. Nfxe3 Nf4 27. Qg4 Qf8 28. Nb4 h5 29. Qg5 Ne2+ 30. Kh2 Qf2 0-1

[Event "French-ch Youth U12 2022"]
[Site "Agen"]
[Date "2022.04.21"]
[Round "6.3"]
[White "Boulos, Paul"]
[Black "Lefrancois, Jean"]
[Result "1/2-1/2"]
[ECO "C48"]
[WhiteElo "1691"]
[BlackElo "1476"]
[Annotator "NA RC COMBH"]
[PlyCount "155"]
[EventDate "2022.04.17"]
[EventType "swiss"]
[EventCountry "FRA"]
[SourceTitle "playchess.com"]
[Source "ChessBase"]
[SourceQuality "1"]
[TimeControl "5400+30"]

1. e4 e5 2. Nf3 Nc6 3. Nc3 Nf6 4. Bb5 Nd4 5. O-O Nxf3+ 6. Qxf3 c6 7. Be2 d6 8. d3 g6 9. Bg5 Bg7 10. Qg3 h6 11. Bd2 O-O 12. Kh1 d5 13. Rad1 g5 14. h3 Re8 15. Qh2 Be6 16. g3 Nh7 17. f4 d4 18. Nb1 exf4 19. gxf4 f6 20. Bh5 Re7 21. a3 c5 22. h4 Qc7 23. Rg1 Rf8 24. Rg2 Bf7 25. Bf3 c4 26. Rdg1 Rfe8 27. hxg5 fxg5 28. fxg5 hxg5 29. Bxg5 Nxg5 30. Rxg5 Qxh2+ 31. Kxh2 Be6 32. Bg4 Bxg4 33. R5xg4 Rc8 34. R1g2 Kf8 35. Nd2 c3 36. bxc3 Rxc3 37. Nb3 Rec7 38. Rf4+ Ke8 39. Rff2 b6 40. a4 a6 41. Kh3 Rf7 42. Rxf7 Kxf7 43. Kg4 Rc6 44. Kf3 b5 45. axb5 axb5 46. Na5 Rf6+ 47. Ke2 Ra6 48. Nb3 b4 49. Rxg7+ Kxg7 50. Nxd4 Kf6 51. Kd2 Ke5 52. Nb3 Rc6 53. Kc1 Rc7 54. Kb2 Rc6 55. Na5 Rc5 56. Nc4+ Kd4 57. Kb3 Rb5 58. Nd6 Rb8 59. Nf5+ Ke5 60. Ne7 Kd6 61. Nd5 Kc5 62. Nc7 Kb6 63. Ne6 Re8 64. Ng7 Rg8 65. Nf5 Rc8 66. Kxb4 Rxc2 67. e5 Rf2 68. Nd6 Rf4+ 69. Nc4+ Kc6 70. e6 Rf6 71. e7 Re6 72. Na5+ Kd7 73. d4 Kxe7 74. d5 Re1 75. Kc5 Rc1+ 76. Nc4 Rd1 77. d6+ Rxd6 78. Nxd6 1/2-1/2

[Event "French-ch Youth U12 2022"]
[Site "Agen"]
[Date "2022.04.21"]
[Round "6.4"]
[White "Ramazanov, Deniz"]
[Black "Khoury, Theo"]
[Result "0-1"]
[ECO "B99"]
[WhiteElo "1507"]
[BlackElo "1878"]
[Annotator "NA RC COMBH"]
[PlyCount "72"]
[EventDate "2022.04.17"]
[EventType "swiss"]
[EventCountry "FRA"]
[SourceTitle "playchess.com"]
[Source "ChessBase"]
[SourceQuality "1"]
[TimeControl "5400+30"]

1. e4 c5 2. Nf3 d6 3. d4 cxd4 4. Nxd4 Nf6 5. Nc3 a6 6. Bg5 e6 7. f4 Be7 8. Qf3 Qc7 9. O-O-O Nbd7 10. g4 h6 11. Bxf6 Bxf6 12. h4 Nb6 {[%emt 0:00:04] is now more promising than 12...Qb6.} 13. g5 Bxd4 14. Rxd4 Qc5 15. Rd2 Bd7 16. g6 O-O 17. gxf7+ Rxf7 18. Qg3 {[%emt 0:02:59] [#]} Rc8 $146 ({Predecessor:} 18... Raf8 19. f5 exf5 20. Qxd6 Qxd6 21. Rxd6 Bc6 22. Bh3 Kh8 23. Bxf5 Rxf5 24. exf5 Bxh1 25. Rxb6 Rxf5 {1-0 (73) Martins,C (2231)-Magallanes,R (2036) Chess.com INT 2021}) 19. Rg1 $14 Na4 20. Nxa4 Bxa4 21. b3 Bc6 22. Bh3 Re8 23. Re2 Qd4 24. c3 Qf6 25. f5 e5 26. Bg4 Rc7 27. Kb2 Rec8 28. Rc1 Be8 29. Rg2 b5 30. Be2 a5 31. Rgg1 b4 32. c4 a4 33. Rcd1 Ra8 34. Ra1 a3+ 35. Kc2 Rac8 36. Rad1 Bc6 0-1

[Event "French-ch Youth U12 2022"]
[Site "Agen"]
[Date "2022.04.21"]
[Round "6.5"]
[White "Alfano, Emilie"]
[Black "Mence, Eline"]
[Result "0-1"]
[ECO "B12"]
[WhiteElo "1635"]
[BlackElo "1499"]
[Annotator "NA RC COMBH"]
[PlyCount "141"]
[EventDate "2022.04.17"]
[EventType "swiss"]
[EventCountry "FRA"]
[SourceTitle "playchess.com"]
[Source "ChessBase"]
[SourceQuality "1"]
[TimeControl "5400+30"]

1. e4 c6 2. d4 d5 3. Nd2 Nf6 4. e5 Nfd7 5. Bd3 e6 6. c3 c5 7. Ne2 Nc6 8. Nf3 cxd4 9. cxd4 Nb6 10. O-O Bd7 11. b3 Be7 12. Bb2 a6 13. Rc1 Nb4 14. Bb1 Bb5 15. Re1 Bxe2 16. Qxe2 Nc6 17. Red1 Nd7 18. Nd2 Nf8 19. f4 g6 20. Nf3 Qb6 21. Qf2 a5 22. Nd2 a4 23. Qe3 Nd7 24. Bc2 a3 25. Bc3 Ndb8 26. Bd3 Na6 27. Bxa6 Qxa6 28. Nf3 Kd7 29. Be1 h6 30. Bh4 Bxh4 31. Nxh4 Rac8 32. Nf3 b5 33. Ne1 b4 34. Nd3 Qb6 35. Nc5+ Ke7 36. Rc2 Na7 37. Rdc1 Nb5 38. h3 Qb8 39. Na6 Qb7 40. Nxb4 Rxc2 41. Rxc2 Rc8 42. Qd3 Rxc2 43. Qxc2 Ke8 44. Qc5 Na7 45. Kf2 Qd7 46. Na6 Qc6 47. Qxc6+ Nxc6 48. Ke3 Kd8 49. Kd3 Kc8 50. Kc3 Kb7 51. Nb4 Ne7 52. Nc2 Nf5 53. Nxa3 Ne3 54. g3 Nf1 55. g4 Ng3 56. Nb5 Ne2+ 57. Kb4 Nxf4 58. Nd6+ Kb6 59. Nxf7 Nxh3 60. Nxh6 Nf4 61. Kc3 Ne2+ 62. Kd3 Nc1+ 63. Ke3 Kc7 64. Kf4 Ne2+ 65. Kg5 Nxd4 66. Kxg6 Nf3 67. Kf6 d4 68. g5 d3 69. Ng4 Nh2 70. Ne3 d2 71. Nd1 0-1

[Event "French-ch Youth U12 2022"]
[Site "Agen"]
[Date "2022.04.21"]
[Round "6.6"]
[White "Castagnerol, Cerise"]
[Black "Nogues, Norah"]
[Result "0-1"]
[ECO "D30"]
[WhiteElo "1312"]
[BlackElo "1096"]
[Annotator "NA RC COMBH"]
[PlyCount "52"]
[EventDate "2022.04.17"]
[EventType "swiss"]
[EventCountry "FRA"]
[SourceTitle "playchess.com"]
[Source "ChessBase"]
[SourceQuality "1"]
[TimeControl "5400+30"]

1. d4 d5 2. c4 e6 3. Nf3 c6 4. g3 f5 5. Bg2 Nf6 6. O-O Bd6 7. Nc3 b6 8. cxd5 exd5 9. Bd2 O-O 10. Qc1 Bb7 11. Bf4 Ne4 12. Bxd6 Qxd6 13. Ne5 Nd7 14. Nxe4 fxe4 15. Ng4 c5 16. Rd1 Rae8 17. Qd2 Nf6 18. Nxf6+ Qxf6 19. e3 c4 20. Rac1 Rc8 21. Rc2 b5 22. Rdc1 Rc7 23. Bh3 Qf3 24. b3 Rfc8 25. Bxc8 Bxc8 26. Qa5 Bh3 0-1

[Event "French-ch Youth U12 2022"]
[Site "Agen"]
[Date "2022.04.21"]
[Round "6.7"]
[White "Verdier, Anais"]
[Black "Neel, Laura"]
[Result "0-1"]
[ECO "E91"]
[WhiteElo "1265"]
[BlackElo "1725"]
[Annotator "NA RC COMBH"]
[PlyCount "66"]
[EventDate "2022.04.17"]
[EventType "swiss"]
[EventCountry "FRA"]
[SourceTitle "playchess.com"]
[Source "ChessBase"]
[SourceQuality "1"]
[TimeControl "5400+30"]

1. d4 Nf6 2. Nf3 g6 3. c4 Bg7 4. Nc3 O-O 5. e4 d6 6. Be2 Nbd7 7. O-O e5 8. d5 Nc5 9. Qc2 a5 10. Bg5 h6 11. Bh4 g5 12. Bg3 Nh5 13. Nd2 Nf4 14. h3 f5 15. f3 Qe8 16. Bxf4 gxf4 17. Nb5 Na6 18. a3 Qg6 19. Bd3 fxe4 20. Bxe4 Bf5 21. Bxf5 Rxf5 22. Rac1 Qh5 23. Ne4 Kh8 24. c5 dxc5 25. Nxc5 Nxc5 26. Qxc5 Rg8 27. Kh1 Bf6 28. Rg1 Qh4 29. Qc2 Rh5 30. Nxc7 Rg3 31. Rgd1 Rxh3+ 32. gxh3 Qxh3+ 33. Qh2 Qxh2# 0-1

[Event "French-ch Youth U12 2022"]
[Site "Agen"]
[Date "2022.04.21"]
[Round "6.8"]
[White "Allard Nedellec, Anna"]
[Black "Maret, Anna"]
[Result "1-0"]
[ECO "B40"]
[WhiteElo "1514"]
[BlackElo "1328"]
[Annotator "NA RC COMBH"]
[PlyCount "67"]
[EventDate "2022.04.17"]
[EventType "swiss"]
[EventCountry "FRA"]
[SourceTitle "playchess.com"]
[Source "ChessBase"]
[SourceQuality "1"]
[TimeControl "5400+30"]

1. e4 c5 2. Nf3 e6 3. c3 d5 4. exd5 exd5 5. d4 a6 6. Be2 Nc6 7. O-O c4 8. Re1 Be7 9. Be3 Nf6 10. Ne5 O-O 11. f4 Ne4 12. Nd2 Nxd2 13. Qxd2 f6 14. Nf3 Bf5 15. Rf1 Re8 16. Nh4 Be4 17. f5 Bd6 18. Bf3 Bxf3 19. Rxf3 Kf7 20. Bf4 g5 21. fxg6+ hxg6 22. Bxd6 Qxd6 23. Qg5 f5 24. g4 Re2 25. Rf4 Rf8 26. gxf5 gxf5 27. Nxf5 Qd8 28. Qxd8 Rxd8 29. Ng3+ Kg6 30. Nxe2 Re8 31. Ng3 b5 32. Raf1 Kg7 33. Rf6 Nb8 34. Nh5+ 1-0

[Event "French-ch Youth U12 2022"]
[Site "Agen"]
[Date "2022.04.22"]
[Round "7.1"]
[White "Bonelli Maestracci, Pierre Joseph"]
[Black "Contie, Lilio"]
[Result "1-0"]
[ECO "B01"]
[WhiteElo "1629"]
[BlackElo "1606"]
[Annotator "NA RC COMBH"]
[PlyCount "159"]
[EventDate "2022.04.17"]
[EventType "swiss"]
[EventCountry "FRA"]
[SourceTitle "playchess.com"]
[Source "ChessBase"]
[SourceQuality "1"]
[TimeControl "5400+30"]

1. e4 d5 2. exd5 Qxd5 3. Nf3 Bg4 4. Be2 Nc6 5. c4 Qa5 6. O-O O-O-O 7. Nc3 e6 8. b3 Nf6 9. Bb2 Qf5 10. Nb5 a6 11. Nbd4 Nxd4 12. Nxd4 Bxe2 13. Qxe2 Qf4 14. Nf3 h5 15. d4 Be7 16. c5 Rdg8 17. c6 g5 18. cxb7+ Kxb7 19. Ne5 Ng4 20. g3 Qf5 21. Qc4 Nxe5 22. dxe5 Qf3 23. Rac1 c6 24. Rc3 Qd5 25. Rfc1 Rc8 26. Qe2 h4 27. Rd1 Qb5 28. Qxb5+ axb5 29. Rf3 hxg3 30. fxg3 Bc5+ 31. Kg2 Rc7 32. a3 Kc8 33. b4 Bf8 34. Rdf1 Rh7 35. Bc1 Bh6 36. Rf6 Rd7 37. h4 Bg7 38. Rxf7 gxh4 39. gxh4 Bxe5 40. Rxh7 Rxh7 41. Bg5 Bb2 42. Rb1 Bxa3 43. Rb3 Ra7 44. Kf3 Kd7 45. h5 Ke8 46. h6 Kf7 47. Ke4 Kg6 48. Bf4 Ra4 49. Bd6 Kxh6 50. Ke5 Bc1 51. Kxe6 Ra6 52. Bc5 Bg5 53. Kd7 Bd2 54. Kc7 Ra8 55. Kb7 Re8 56. Kxc6 Rb8 57. Bd6 Rd8 58. Rd3 Bg5 59. Kxb5 Kg6 60. Kc6 Bh4 61. Rd2 Be1 62. Rg2+ Kf5 63. b5 Ba5 64. Ra2 Ke6 65. Rxa5 Rxd6+ 66. Kb7 Rd7+ 67. Ka6 Kd6 68. b6 Kc6 69. Ra2 Rd3 70. Rc2+ Kd7 71. Rc4 Rd1 72. Ra4 Kc8 73. Ka7 Rb1 74. Ra6 Rb4 75. Ra2 Rb1 76. Rc2+ Kd7 77. Rh2 Kc6 78. Rh6+ Kd7 79. b7 Kc7 80. b8=Q+ 1-0

[Event "French-ch Youth U12 2022"]
[Site "Agen"]
[Date "2022.04.22"]
[Round "7.2"]
[White "Khoury, Theo"]
[Black "Blanc, Leonard"]
[Result "1-0"]
[ECO "C45"]
[WhiteElo "1878"]
[BlackElo "1452"]
[Annotator "NA RC COMBH"]
[PlyCount "79"]
[EventDate "2022.04.17"]
[EventType "swiss"]
[EventCountry "FRA"]
[SourceTitle "playchess.com"]
[Source "ChessBase"]
[SourceQuality "1"]
[TimeControl "5400+30"]

1. e4 e5 2. Nf3 Nc6 3. d4 exd4 4. Nxd4 Nf6 5. Nxc6 bxc6 6. e5 Qe7 7. Qe2 Nd5 8. h4 a5 9. c4 Nb6 10. h5 h6 11. b3 Ba6 12. Bb2 O-O-O 13. Qd2 a4 14. Be2 Bb7 15. O-O Qe6 16. Qa5 c5 17. f4 f5 18. Nc3 g5 19. hxg6 Qxg6 20. Bf3 Bxf3 21. Rxf3 Rg8 22. Qa6+ Kb8 23. Rf2 Qc6 24. Nxa4 Qb7 25. Qxb7+ Kxb7 26. Nc3 Bg7 27. a4 d6 28. a5 Na8 29. Nd5 Rge8 30. Re2 Re6 31. Ne3 Rf8 32. Rae1 Ka6 33. Bc3 Rf7 34. Kf2 dxe5 35. fxe5 Bxe5 36. Nc2 Bxc3 37. Rxe6+ Ka7 38. Rd1 Rf6 39. Rxf6 Bxf6 40. Rd5 1-0

[Event "French-ch Youth U12 2022"]
[Site "Agen"]
[Date "2022.04.22"]
[Round "7.3"]
[White "Borne, Felix"]
[Black "Petrichenko, Maxim"]
[Result "1-0"]
[ECO "D35"]
[WhiteElo "1780"]
[BlackElo "1389"]
[Annotator "NA RC COMBH"]
[PlyCount "53"]
[EventDate "2022.04.17"]
[EventType "swiss"]
[EventCountry "FRA"]
[SourceTitle "playchess.com"]
[Source "ChessBase"]
[SourceQuality "1"]
[TimeControl "5400+30"]

1. d4 d5 2. c4 e6 3. Nc3 Nf6 4. cxd5 exd5 5. Bg5 Be6 6. e3 Be7 7. Bd3 Nbd7 8. f4 Nb6 9. Nf3 O-O 10. O-O h6 11. Bh4 Re8 12. Ne5 c6 13. h3 Bc8 14. g4 Nfd7 15. Bg3 Nxe5 16. fxe5 Bh4 17. Qf3 Be6 18. Rf2 Bxg3 19. Qxg3 Qd7 20. Raf1 Rad8 21. Ne2 Qe7 22. Nf4 Bc8 23. Nh5 Qg5 24. Rxf7 Re7 25. Qf3 Be6 26. Rf8+ Rxf8 27. Qxf8# 1-0

[Event "French-ch Youth U12 2022"]
[Site "Agen"]
[Date "2022.04.22"]
[Round "7.4"]
[White "Motoyama, Wesley Winsen"]
[Black "Pon Le Brun, Gregoire"]
[Result "1/2-1/2"]
[ECO "A45"]
[WhiteElo "1590"]
[BlackElo "1392"]
[Annotator "NA RC COMBH"]
[PlyCount "80"]
[EventDate "2022.04.17"]
[EventType "swiss"]
[EventCountry "FRA"]
[SourceTitle "playchess.com"]
[Source "ChessBase"]
[SourceQuality "1"]
[TimeControl "5400+30"]

1. d4 Nf6 2. Nc3 c5 3. d5 d6 4. e4 g6 5. Nf3 Bg7 6. Bb5+ Nbd7 7. a4 a6 8. Be2 O-O 9. O-O Ne8 10. Re1 Ne5 11. Nxe5 dxe5 12. a5 Bd7 13. Be3 Qc7 14. Qd2 f5 15. f3 Nd6 16. Bd3 Rf7 17. exf5 gxf5 18. Bh6 Bf6 19. Be3 Kh8 20. Kh1 Rg8 21. Bf1 Rfg7 22. Qf2 e4 23. f4 Nb5 24. Nxb5 Bxb5 25. c4 Be8 26. Bxc5 Qc8 27. Bd4 Bxd4 28. Qxd4 Qc7 29. Qe3 Rg4 30. g3 R4g7 31. Be2 Qd6 32. Kg2 Qh6 33. Rh1 Bh5 34. Kf2 Bxe2 35. Qxe2 Qf6 36. Qd2 e5 37. Qc3 e3+ 38. Qxe3 exf4 39. Qxf4 Qxb2+ 40. Kf3 Qc3+ 1/2-1/2

[Event "French-ch Youth U12 2022"]
[Site "Agen"]
[Date "2022.04.22"]
[Round "7.5"]
[White "Nogues, Norah"]
[Black "Alfano, Emilie"]
[Result "0-1"]
[ECO "D02"]
[WhiteElo "1096"]
[BlackElo "1635"]
[Annotator "NA RC COMBH"]
[PlyCount "72"]
[EventDate "2022.04.17"]
[EventType "swiss"]
[EventCountry "FRA"]
[SourceTitle "playchess.com"]
[Source "ChessBase"]
[SourceQuality "1"]
[TimeControl "5400+30"]

1. d4 d5 2. Nf3 Nf6 3. Bf4 e6 4. e3 Bd6 5. Bg3 O-O 6. Nbd2 b6 7. Bd3 c5 8. c3 Bb7 9. O-O Bxg3 10. hxg3 Nbd7 11. Ne5 Nxe5 12. dxe5 Ne4 13. Qc2 Nxd2 14. Qxd2 Qg5 15. Rad1 Qxe5 16. f4 Qf6 17. g4 e5 18. g3 d4 19. e4 Qc6 20. fxe5 c4 21. Bb1 d3 22. Rde1 Qc5+ 23. Re3 Qxe5 24. b3 b5 25. bxc4 bxc4 26. a3 Qc5 27. Ba2 Bxe4 28. Rf4 Bd5 29. Rd4 Be6 30. Ree4 Rad8 31. Kh2 Rxd4 32. Rxd4 Rb8 33. Kh1 h6 34. Qf4 Rb2 35. Bxc4 Rb1+ 36. Kh2 Bxc4 0-1

[Event "French-ch Youth U12 2022"]
[Site "Agen"]
[Date "2022.04.22"]
[Round "7.6"]
[White "Neel, Laura"]
[Black "Allard Nedellec, Anna"]
[Result "1-0"]
[ECO "A09"]
[WhiteElo "1725"]
[BlackElo "1514"]
[Annotator "NA RC COMBH"]
[PlyCount "24"]
[EventDate "2022.04.17"]
[EventType "swiss"]
[EventCountry "FRA"]
[SourceTitle "playchess.com"]
[Source "ChessBase"]
[SourceQuality "1"]
[TimeControl "5400+30"]

1. Nf3 d5 2. c4 d4 3. b3 c6 4. g3 c5 5. Bg2 Nc6 6. d3 e5 7. Nbd2 h6 8. Ba3 Be6 9. O-O f5 10. e3 Bd6 11. exd4 exd4 12. Qc2 Qd7 1-0

[Event "French-ch Youth U12 2022"]
[Site "Agen"]
[Date "2022.04.22"]
[Round "7.7"]
[White "Bernard, Ines"]
[Black "Castagnerol, Cerise"]
[Result "1/2-1/2"]
[ECO "A01"]
[WhiteElo "1430"]
[BlackElo "1312"]
[Annotator "NA RC COMBH"]
[PlyCount "86"]
[EventDate "2022.04.17"]
[EventType "swiss"]
[EventCountry "FRA"]
[SourceTitle "playchess.com"]
[Source "ChessBase"]
[SourceQuality "1"]
[TimeControl "5400+30"]

1. b3 e5 2. Bb2 d6 3. e3 Nc6 4. g3 Nf6 5. Bg2 Be7 6. f4 Bg4 7. Ne2 exf4 8. exf4 d5 9. O-O O-O 10. h3 Bc5+ 11. Kh2 Bf5 12. Nbc3 Re8 13. Ng1 Ne4 14. d3 Nxc3 15. Bxc3 h6 16. Qh5 Bxg1+ 17. Rxg1 Be6 18. f5 Bc8 19. f6 d4 20. fxg7 Kxg7 21. Bd2 Qf6 22. Raf1 Qg6 23. Bxh6+ Kg8 24. Qh4 Re6 25. Be4 Qxh6 26. Bd5 Qxh4 27. gxh4+ Kf8 28. Bxe6 Bxe6 29. a3 Ke7 30. Rg5 Rh8 31. Kg3 f6 32. Rg7+ Bf7 33. Rg4 Rd8 34. Re4+ Ne5 35. Ref4 Rd6 36. Re1 c5 37. b4 cxb4 38. axb4 Rc6 39. Re2 Rd6 40. Re1 Bg6 41. Ra1 a6 42. Rb1 b5 43. Ra1 Ke6 1/2-1/2

[Event "French-ch Youth U12 2022"]
[Site "Agen"]
[Date "2022.04.22"]
[Round "7.8"]
[White "Mence, Eline"]
[Black "Menard, Emma"]
[Result "1/2-1/2"]
[ECO "D00"]
[WhiteElo "1499"]
[BlackElo "1061"]
[Annotator "NA RC COMBH"]
[PlyCount "47"]
[EventDate "2022.04.17"]
[EventType "swiss"]
[EventCountry "FRA"]
[SourceTitle "playchess.com"]
[Source "ChessBase"]
[SourceQuality "1"]
[TimeControl "5400+30"]

1. d4 d5 2. Bf4 e6 3. e3 Nf6 4. Nd2 Nbd7 5. Ngf3 Be7 6. Bd3 O-O 7. Ne5 Nxe5 8. dxe5 Nd7 9. Qh5 g6 10. Qg4 Re8 11. h4 h5 12. Qh3 Bf8 13. g4 hxg4 14. Qxg4 Bg7 15. h5 Bxe5 16. hxg6 Qf6 17. gxf7+ Kxf7 18. Rh7+ Qg7 19. Rxg7+ Bxg7 20. Bg6+ Kf8 21. Bxe8 Kxe8 22. Qxg7 c6 23. Bd6 Kd8 24. Qe7# 1/2-1/2